 Dungeon Crawl Stone Soup version 0.23.1 (webtiles) character file.

Game seed: 2696181218190357862

274 Borgoz the Sneak (level 6, -10/48 HPs)
             Began as a Ghoul Enchanter on Mar 3, 2019.
             Mangled by an ogre
             ... wielding a +0 giant club
              (21 damage)
             ... on level 4 of the Dungeon.
             The game lasted 00:08:35 (5213 turns).

Borgoz the Sneak (Ghoul Enchanter)                  Turns: 5213, Time: 00:08:36

Health: -10/48     AC:  6    Str: 12    XL:     6   Next: 24%
Magic:  8/8        EV: 18    Int: 10    God:
Gold:   227        SH:  0    Dex: 16    Spells: 3/9 levels left

rFire    + . .     SeeInvis .   a - +1 dagger
rCold    + + .     Gourm    .   (no shield)
rNeg     + + +     Faith    .   u - +3 leather armour
rPois    ∞         Spirit   .   (no helmet)
rElec    .         Reflect  .   o - scarf {rC+ rF+}
rCorr    .         Harm     .   (no gloves)
MR       .....                  (no boots)
Stlth    +++.......             (no amulet)
HPRegen  0.00/turn              (no ring)
MPRegen  0.11/turn              (no ring)

@: agile, rotting
A: rotting body, claws 1, carnivore, cold resistance 1, negative energy
resistance 3, inhibited regeneration, torment resistance, unbreathing
a: no special abilities


You were on level 4 of the Dungeon.
You were hungry.

You visited 1 branch of the dungeon, and saw 5 of its levels.

You collected 227 gold pieces.

Inventory:

Hand Weapons
 a - a +1 dagger (weapon)
 m - a +0 dagger of flaming
Missiles
 e - 8 poisoned needles
 n - 3 tomahawks (quivered)
Armour
 k - a +1 robe of fire resistance
 o - a scarf of resistance (worn)
 u - a +3 leather armour (worn)
Jewellery
 c - an uncursed ring of fire
 i - an uncursed amulet of faith
Scrolls
 f - 3 scrolls of remove curse
 g - 2 scrolls of identify {unknown}
 j - 2 scrolls of fear {unknown}
 r - a scroll of enchant armour {unknown}
 s - a scroll of amnesia {unknown}
 v - a scroll of magic mapping {unknown}
Potions
 l - a potion of brilliance {unknown}
 p - a potion of heal wounds {unknown}
 q - a potion of magic {unknown}
 t - 4 potions of curing {unknown}
Comestibles
 d - 7 rations


   Skills:
 + Level 1.8 Fighting
 * Level 2.6 Short Blades
 + Level 1.5 Armour
 * Level 3.1 Dodging
 + Level 4.0 Stealth
 + Level 2.3 Spellcasting
 + Level 2.9 Hexes


You had 3 spell levels left.
You knew the following spells:

 Your Spells              Type           Power        Failure   Level  Hunger
a - Corona                Hex            #......      12%         1    ##.....
b - Ensorcelled Hibernat  Hex/Ice        #.....       32%         2    ###....
c - Confuse               Hex            #.......     34%         3    ####...

Your spell library contained the following spells:

 Spells                   Type           Power        Failure   Level  Hunger
 Tukima's Dance           Hex            #.......     34%         3    ####...
 Flame Tongue             Conj/Fire      #....        36%         1    ##.....
 Dazzling Spray           Conj/Hex       #.....       54%         3    ####...
 Cause Fear               Hex            #.........   75%         4    #####..
 Bolt of Fire             Conj/Fire      #.........   100%        6    #######
 Dragon's Call            Summ           #.........   100%        9    #######
 Dragon Form              Tmut           Unusable     N/A         7    N/A

Dungeon Overview and Level Annotations

Branches:
Dungeon (5/15)
 Temple: D:4-7

Altars:
Cheibriados
Elyvilon
Fedhas
Hepliaklqana
Nemelex Xobeh
Ru
Sif Muna
Trog
Vehumet
Yredelemnul


Innate Abilities, Weirdness & Mutations

Your body is rotting away.
You thrive on raw meat.
You are immune to poison.
You have sharp fingernails.
You are carnivorous and can eat meat at any time.
Your flesh is cold resistant. (rC+)
You are immune to negative energy. (rN+++)
You do not regenerate when monsters are visible.
You are immune to unholy pain and torment.
You can survive without breathing.


Message History

You barely miss the ogre.
The ogre is severely wounded.
You hit the ogre.
The ogre is almost dead.
The ogre hits you with a +0 giant club!!
Ouch! That really hurt!
You are too injured to fight recklessly!
You are too injured to fight recklessly!
You closely miss the ogre.
The ogre is almost dead.
You hit the ogre but do no damage.
The ogre is almost dead.
The ogre barely misses you.
You hit the ogre.
The ogre is almost dead.
The ogre hits you with a +0 giant club!
* * * LOW HITPOINT WARNING * * *
You feel agile all of a sudden.
The ogre hits you with a +0 giant club!!
You die...

.....+.......##'#######
.....#.......#.........
.....#####...#.........
.........##'##.........
.......................
.......................
#.............#########
#.............#..O#
#....####.....'.@.#
#....#..#.....#..##
#....#..#######'##
.....#..##...##..##..#
.....#..##...........#
.....#...............#
.....'...............#
.....#################
######


You could see an ogre.

Vanquished Creatures
  A hound (D:5)
  Jessica (D:2)
  An orc wizard (D:2)
  A worker ant (D:5)
  6 adders
  A shadow imp (D:5)
  2 oozes
  2 worms
  3 dart slugs
  2 leopard geckos (D:3)
  4 orcs
  5 giant cockroaches
  7 goblins
  10 hobgoblins
  8 jackals
  3 quokkas
  2 ball pythons
  7 bats
  4 frilled lizards
  5 kobolds
  5 rats
80 creatures vanquished.

Notes
Turn   | Place    | Note
-------+----------+-------------------------------------------
     0 | D:1      | Borgoz the Ghoul Enchanter began the quest for the Orb.
     0 | D:1      | Reached XP level 1. HP: 14/14 MP: 2/2
    87 | D:1      | Reached skill level 1 in Short Blades
   258 | D:1      | Reached XP level 2. HP: 8/20 MP: 3/3
   754 | D:1      | Reached XP level 3. HP: 20/27 MP: 4/4
  1170 | D:2      | Noticed Jessica
  1451 | D:1      | Learned a level 2 spell: Ensorcelled Hibernation
  1455 | D:1      | Learned a level 3 spell: Confuse
  1480 | D:2      | Killed Jessica
  1480 | D:2      | Reached XP level 4. HP: 8/33 MP: 2/6
  1995 | D:2      | Found a sacrificial altar of Ru.
  2046 | D:2      | Reached skill level 1 in Fighting
  2102 | D:2      | Reached skill level 1 in Armour
  2338 | D:3      | Found a blossoming altar of Fedhas.
  2349 | D:3      | Reached XP level 5. HP: 20/40 MP: 7/7
  2639 | D:2      | Found a white marble altar of Elyvilon.
  3098 | D:3      | Found a radiant altar of Vehumet.
  3371 | D:3      | Found a snail-covered altar of Cheibriados.
  3399 | D:4      | Found a sparkling altar of Nemelex Xobeh.
  3400 | D:4      | Found a basalt altar of Yredelemnul.
  3400 | D:4      | Found a hazy altar of Hepliaklqana.
  4169 | D:4      | Found a bloodstained altar of Trog.
  4565 | D:5      | Entered Level 5 of the Dungeon
  4818 | D:5      | Reached XP level 6. HP: 47/48 MP: 8/8
  4830 | D:5      | Found a deep blue altar of Sif Muna.
  4957 | D:5      | Reached skill level 4 in Stealth
  5213 | D:4      | Mangled by an ogre

Skill      XL: |  1  2  3  4  5  6 |
---------------+-------------------+-----
Short Blades   | 1 2 |  2.6
Dodging        | 2 3 |  3.1
Spellcasting   | 2 |  2.3
Fighting       | 1 |  1.8
Armour         | 1 |  1.5
Stealth        | 4 |  4.0
Hexes          | |  2.9

Action                   |  1- 3 |  4- 6 || total
-------------------------+-------+-------++-------
Melee: Dagger            |   122 |   422 ||   544
 Cast: Ensorcelled Hiber |     1 |     6 ||     7
       Corona            |     1 |       ||     1
  Use: Potion            |     2 |     2 ||     4
       Scroll            |       |     1 ||     1
 Stab: Sleeping          |     6 |     8 ||    14
  Eat: Chunk             |     8 |    29 ||    37
Armor: Robe              |    23 |    70 ||    93
       Leather armour    |       |    22 ||    22
Dodge: Dodged            |    69 |   241 ||   310
